 Dungeon Crawl Stone Soup version 0.29.0-13-gc9e81de378 (webtiles) character file.

Game seed: 14137786541725365715

58 freelancePsychic the Shooter (level 4, -1/38 HPs)
             Began as a Meteoran Hunter on Sept 10, 2022.
             Slain by a hobgoblin (4 damage)
             ... led by Robin
             ... on level 2 of the Dungeon.
             The game lasted 00:03:18 (466 turns).

freelancePsychic the Shooter (Meteoran Hunter)       Turns: 466, Time: 00:03:19

Health: -1/38      AC:  5    Str: 12    XL:     4   Next: 44%
Magic:  5/5        EV: 13    Int: 10    God:
Gold:   15         SH:  0    Dex: 20    Spells: 3/3 levels left

rFire   . . .      SeeInvis .   f - +0 short sword (venom)
rCold   . . .      Faith    .   (no shield)
rNeg    . . .      Spirit   .   c - +1 leather armour
rPois   .          Reflect  .   (no helmet)
rElec   .          Harm     .   (no cloak)
rCorr   .          Rampage  .   e - +0 pair of gloves
Will    .....                   (no boots)
Stlth   +.........              (no amulet)
HPRegen 0.12/turn               (no ring)
MPRegen 0.09/turn               (no ring)

@: mighty, glowing
A: sense surroundings 1, otherworldly, glowing, explore regen
a: no special abilities


You were on level 2 of the Dungeon.
You visited 1 branch of the dungeon, and saw 3 of its levels.

You collected 15 gold pieces.

Inventory:

Hand Weapons
 a - a +0 shortbow
 f - a +0 short sword of venom (weapon)
Armour
 c - a +1 leather armour (worn)
 e - a +0 pair of gloves (worn)
Wands
 m - a wand of mindburst (10)
Scrolls
 b - a scroll of immolation
 k - a scroll of torment {unknown}
 l - 2 scrolls of vulnerability {unknown}
Potions
 d - 2 potions of mutation


   Skills:
 + Level 3.0 Fighting
 * Level 5.2 Ranged Weapons
 + Level 3.2 Dodging
 - Level 0.6 Stealth


You had 3 spell levels left.
You didn't know any spells.
Your spell library was empty.

Dungeon Overview and Level Annotations

Branches:
Dungeon (3/15) Zot: 1305

Altars:


Innate Abilities, Weirdness & Mutations

You passively map a small area around you.
You are easily found by Zot.
You glow in the dark.
You regain HP and MP as you explore.


Message History

The goblin misses you. The goblin attacks as you move away!
The goblin hits you with a +0 dagger. x2
* * * LOW HITPOINT WARNING * * *
You closely miss the goblin. The goblin barely misses you.
The goblin closely misses you. The goblin hits you with a +0 dagger.
* * * LOW HITPOINT WARNING * * *
You hit the goblin.
You kill the goblin!
The goblin hits you but does no damage.
You closely miss the goblin. The goblin hits you with a +0 dagger.
* * * LOW HITPOINT WARNING * * *
The goblin closely misses you. The goblin hits you but does no damage.
It was a potion of cancellation.
Your magical effects are unravelling.
You feel magically purged.
Your resistance to elements expires.
The goblin hits you but does no damage. The goblin barely misses you.
The goblin misses you.
It was a potion of might.
You feel very mighty all of a sudden. The goblin hits you but does no damage.
The goblin hits you with a +0 dagger.
* * * LOW HITPOINT WARNING * * *
The goblin completely misses you.
You puncture the goblin!
You kill the goblin!
The goblin barely misses you.
You puncture the goblin!
You kill the goblin!
The goblin hits you but does no damage.
You puncture the goblin!
You kill the goblin!
The hobgoblin closely misses you.
You puncture Robin!
You kill Robin!
The hobgoblin closely misses you.
Your Fighting skill increases to level 3!
You barely miss the hobgoblin.
The hobgoblin no longer looks unusually strong.
The hobgoblin hits you.
You die...

*
#####.............
#............. ,
#............. *
#...#...#.....
###...#...#....#,
~ ..........#
,..., ,
######....# ... ~
#.g).#..... *
#)g@.#..... , ~
#)####.....
#<..(..g...
#g...g..)..
#.......... *
#.......g..,,
#..........
#.......... ,
######..... ,


You could see 2 hobgoblins.

Vanquished Creatures
  Robin (D:2)
  A gnoll (D:1)
  2 dart slugs (D:1)
  2 ball pythons
  5 bats
  An endoplasm (D:1)
  10 goblins
  4 hobgoblins (D:1)
  2 quokkas (D:1)
  2 frilled lizards
  A kobold (D:1)
31 creatures vanquished.

Vanquished Creatures (others)
  4 plants (D:2)
4 creatures vanquished.

Grand Total: 35 creatures vanquished

Notes
Turn   | Place    | Note
-------+----------+-------------------------------------------
     0 | D:1      | freelancePsychic the Meteoran Hunter began the quest for
                  | the Orb.
     0 | D:1      | Reached XP level 1. HP: 17/17 MP: 2/2
    46 | D:1      | Reached XP level 2. HP: 15/25 MP: 3/3
   133 | D:1      | Reached XP level 3. HP: 30/30 MP: 4/4
   163 | D:2      | Noticed Robin
   204 | D:1      | Reached skill level 5 in Ranged Weapons
   445 | D:2      | Reached XP level 4. HP: 26/37 MP: 5/5
   465 | D:2      | Killed Robin
   466 | D:2      | Slain by a hobgoblin

Illustrated notes

Levels and vault maps discovered:
D:1:      lightli_arrival_farm, layout_basic, basic_ecumenical_altar
D:2:      wad_lake_hut, layout_basic, uniq_robin
D:3:      layout_basic, nicolae_gozag_cash_rules_everything_around_me,
          kennysheep_flooded_box

Skill      XL: |  1  2  3  4 |
---------------+-------------+-----
Ranged Weapons | 5 |  5.2
Dodging        | 3 |  3.2
Fighting       | 3 |  3.0
Stealth        | |  0.6

Action                   |  1- 3 |  4- 6 || total
-------------------------+-------+-------++-------
Melee: Short sword       |       |    10 ||    10
 Fire: Shortbow          |    70 |     6 ||    76
  Use: Scroll            |     3 |       ||     3
       Potion            |       |     4 ||     4
Armor: Leather armour    |    31 |    15 ||    46
Dodge: Dodged            |    38 |    19 ||    57
